 Seeded DCSS version 0.29.1-12-g30fa7ad0bf (webtiles) character file.

Game seed: 20230103 (custom seed)

2955 stormannn the Geomancer (level 9, -7/45 HPs)
             Began as a Deep Elf Earth Elementalist on Jan 2, 2023.
             Was a Follower of Sif Muna.
             Mangled by a hornet (16 damage)
             ... on level 7 of the Dungeon.
             The game lasted 00:23:49 (8906 turns).

stormannn the Geomancer (DEEE)                      Turns: 8906, Time: 00:23:50

Health: -7/45      AC:  3    Str: 13    XL:     9   Next: 52%
Magic:  15/20      EV: 12    Int: 25    God:    Sif Muna [*.....]
Gold:   405        SH:  0    Dex: 15    Spells: 14/20 levels left

rFire   + . .      SeeInvis .   e - staff of earth
rCold   + + .      Faith    .   (no shield)
rNeg    + . .      Spirit   .   a - +0 robe
rPois   +          Reflect  .   p - +0 helmet "Umum" {rN+ Str+2}
rElec   +          Harm     .   C - scarf {shadows}
rCorr   .          Rampage  .   (no gloves)
Will    .....                   (no boots)
Stlth   ++........              (no amulet)
HPRegen 0.15/turn               t - ring of Gehiko {rElec rPois rF+ rC++ Str+6}
MPRegen 0.17/turn               (no ring)

@: no status effects
A: no striking features
a: Renounce Religion, Channel Magic


You were on level 7 of the Dungeon.
You worshipped Sif Muna.
Sif Muna was aware of your devotion.
You visited 2 branches of the dungeon, and saw 8 of its levels.

You collected 405 gold pieces.

Inventory:

Missiles
 h - 14 poisoned darts
 v - 30 stones
 x - 2 throwing nets
Armour
 a - a +0 robe (worn)
 m - a +0 cloak
 p - the +0 helmet "Umum" (worn) {rN+ Str+2}
   (You took it off Robin on level 2 of the Dungeon)

   Str:       It affects your strength (+2).
   rN:        It protects you from negative energy.
 C - a scarf of shadows (worn)
Magical Staves
 e - a staff of earth (weapon)
Jewellery
 t - the ring of Gehiko (left hand) {rElec rPois rF+ rC++ Str+6}
   (You acquired it on level 3 of the Dungeon)

   [ring of strength]

   Str:       It affects your strength (+6).
   rF:        It protects you from fire.
   rC:        It greatly protects you from cold.
   rElec:     It insulates you from electricity.
   rPois:     It protects you from poison.
Wands
 k - a wand of polymorph (19)
 y - a wand of acid (11)
 D - a wand of charming (15)
Scrolls
 c - 4 scrolls of blinking
 g - 7 scrolls of teleportation
 i - 5 scrolls of noise
 n - 2 scrolls of vulnerability {unknown}
 o - 2 scrolls of enchant armour {unknown}
 q - 3 scrolls of magic mapping {unknown}
 w - a scroll of silence {unknown}
Potions
 b - a potion of magic
 d - 4 potions of brilliance
 f - 3 potions of curing
 j - 5 potions of might
 l - 3 potions of flight
 r - 2 potions of attraction
 s - 4 potions of haste
 u - a potion of degeneration
 z - 3 potions of heal wounds
 A - a potion of berserk rage {unknown}
 B - a potion of lignification {unknown}


   Skills:
 - Level 2.4 Dodging
 - Level 2.4 Stealth
 - Level 6.0 Spellcasting
 - Level 4.0 Conjurations
 - Level 4.0 Transmutations
 + Level 11.9 Earth Magic
 * Level 2.6 Poison Magic
 - Level 4.0 Invocations


You had 14 spell levels left.
You knew the following spells:

 Your Spells              Type           Power      Damage    Failure   Level
a - Sandblast             Erth           100%       2d20      1%          1
b - Stone Arrow           Conj/Erth      100%       3d13      1%          3
c - Poisonous Vapours     Pois/Air       28%        N/A       7%          2

Your spell library contained the following spells:

 Spells                   Type           Power      Damage    Failure   Level
 Passwall                 Tmut/Erth      52%        N/A       1%          2
 Petrify                  Tmut/Erth      63%        N/A       2%          4
 Inner Flame              Hex/Fire       7%         N/A       22%         3
 Corpse Rot               Necr/Pois/Air  11%        N/A       45%         4
 Cause Fear               Hex            3%         N/A       58%         4
 Summon Forest            Summ/Tloc      3%         N/A       90%         5
 Summon Mana Viper        Hex/Summ       7%         N/A       90%         5
 Summon Cactus Giant      Summ           3%         N/A       100%        6
 Discord                  Hex            3%         N/A       100%        8


Dungeon Overview and Level Annotations

Branches:
Dungeon (7/15)             Temple (1/1) D:6

Altars:
Ashenzari
Cheibriados
Dithmenos
Elyvilon
Fedhas
Gozag
Hepliaklqana
Kikubaaqudgha
Nemelex Xobeh
Qazlal
Ru
Sif Muna
Trog
Uskayaw
Vehumet
Wu Jian
Xom
Yredelemnul
Zin
The Shining One


Message History

Confirm with . or Enter, or press ? or * to list all spells.
Aiming: Stone Arrow (safe; 1% risk of failure)
Press: ? - help, Shift-Dir - straight line, f - hornet
Aim: a hornet (66% to hit)
You feel a surge of power!
The stone arrow hits the hornet!
The hornet is heavily wounded.
Casting: Stone Arrow (safe; 1% risk of failure)
Confirm with . or Enter, or press ? or * to list all spells.
Aiming: Stone Arrow (safe; 1% risk of failure)
Press: ? - help, Shift-Dir - straight line, f/p - hornet
Aim: a hornet (heavily wounded, 66% to hit)
Okay, then.
Casting: Stone Arrow (safe; 1% risk of failure)
Confirm with . or Enter, or press ? or * to list all spells.
Aiming: Sandblast (safe; 1% risk of failure)
Press: ? - help, Shift-Dir - straight line, f/p - hornet
Aim: a hornet (heavily wounded, 78% to hit)
You feel a surge of power!
The blast of sand hits the hornet.
The hornet is heavily wounded.
The hornet stings you!
You feel yourself slow down.
Casting: Sandblast (safe; 1% risk of failure)
Confirm with . or Enter, or press ? or * to list all spells.
Aiming: Sandblast (safe; 1% risk of failure)
Press: ? - help, Shift-Dir - straight line, f/p - hornet
Aim: a hornet (heavily wounded, 78% to hit)
You feel a surge of power!
The blast of sand hits the hornet!
The hornet is almost dead.
You feel yourself speed up. The hornet misses you.
The hornet barely misses you. The hornet stings you.
Casting: Sandblast (safe; 1% risk of failure)
Confirm with . or Enter, or press ? or * to list all spells.
Aiming: Sandblast (safe; 1% risk of failure)
Press: ? - help, Shift-Dir - straight line, f/p - hornet
Aim: a hornet (almost dead, 78% to hit)
You feel a surge of power!
The blast of sand hits the hornet.
The hornet is almost dead.
The hornet stings you! x2
* * * LOW HITPOINT WARNING * * *
The hornet stings you!
You die...

#.........#....#
###........###..#
............#..#
..............#
..............##
...............#
..)............#
...............##
...............@#
...............y......
......................
..............#.......
...............##.....
............... #.)##
............... ..#
.......<......
..............


You could see a hornet.

Vanquished Creatures
  Grinder (D:4)
  Sigmund (D:2)
  6 yaks (D:5)
  Menkaure (D:5)
  A water moccasin (D:7)
  2 ogres (D:5)
  A necrophage (D:6)
  2 gnoll sergeants
  3 scorpions
  A hound (D:5)
  2 jellies
  7 orc priests
  4 iguanas
  Crazy Yiuf (D:2)
  Ijyb (D:4)
  Natasha (thrice) (D:3)
  3 orc wizards
  Robin (D:2)
  18 gnolls
  3 adders (D:2)
  2 white imps
  2 ufetubi
  14 dart slugs
  A worm (D:3)
  25 orcs
  7 ball pythons
  6 endoplasms
  2 giant cockroaches
  14 goblins
  11 hobgoblins
  3 jackals (D:4)
  2 kobolds
  A quokka (D:1)
  5 bats
  2 frilled lizards
  7 rats
166 creatures vanquished.

Vanquished Creatures (others)
  A wizard (D:4)
  6 fungi
  8 plants (D:5)
15 creatures vanquished.

Grand Total: 181 creatures vanquished

Notes
Turn   | Place    | Note
-------+----------+-------------------------------------------
     0 | D:1      | stormannn the Deep Elf Earth Elementalist began the quest
                  | for the Orb.
     0 | D:1      | Reached XP level 1. HP: 10/10 MP: 6/6
    81 | D:1      | Reached XP level 2. HP: 15/15 MP: 4/8
    82 | D:1      | Reached skill level 1 in Conjurations
   529 | D:1      | Reached XP level 3. HP: 19/19 MP: 8/10
  1258 | D:2      | Reached XP level 4. HP: 20/24 MP: 7/11
  1481 | D:2      | Identified the +0 helmet "Umum" {rN+ Str+2}
  1481 | D:2      | Noticed Robin
  1482 | D:2      | Reached skill level 4 in Earth Magic
  1491 | D:2      | Killed Robin
  1583 | D:1      | Identified a scroll of acquirement
  1584 | D:1      | Acquired a staff of earth
  1971 | D:2      | Noticed Sigmund
  1973 | D:2      | Killed Sigmund
  1974 | D:2      | Reached XP level 5. HP: 28/28 MP: 11/14
  2057 | D:2      | Found a runed translucent door.
  2058 | D:2      | Noticed Crazy Yiuf
  2082 | D:2      | Reached skill level 5 in Spellcasting
  2082 | D:2      | Reached XP level 6. HP: 13/32 MP: 10/15
  2601 | D:2      | Killed Crazy Yiuf
  3198 | D:3      | Noticed Natasha
  3203 | D:3      | Killed Natasha
  3216 | D:3      | Noticed Natasha
  3217 | D:3      | Killed Natasha
  3218 | D:3      | Reached skill level 5 in Earth Magic
  3230 | D:3      | Noticed Natasha
  3232 | D:3      | Killed Natasha
  3278 | D:3      | Found a glowing silver altar of Zin.
  3326 | D:3      | Found a large runed translucent door.
  3326 | D:3      | Found a large runed translucent door.
  3382 | D:3      | Found a faded altar of an unknown god.
  3562 | D:3      | Found a white marble altar of Elyvilon.
  3565 | D:3      | Found a shimmering altar of Xom.
  3613 | D:3      | Acquired the ring of Gehiko {rElec rPois rF+ rC++ Str+6}
  3624 | D:4      | Reached XP level 7. HP: 31/36 MP: 14/17
  4001 | D:4      | Noticed Ijyb
  4057 | D:4      | Killed Ijyb
  4058 | D:4      | Reached skill level 6 in Earth Magic
  4153 | D:4      | Noticed Grinder
  4162 | D:4      | Paralysed by Grinder for 4 turns
  4167 | D:4      | Killed Grinder
  4168 | D:4      | Reached skill level 7 in Earth Magic
  4642 | D:4      | Found a bloodstained altar of Trog.
  4645 | D:4      | Noticed a wizard
  4651 | D:4      | Killed a wizard
  4953 | D:4      | Learned a level 3 spell: Stone Arrow
  4954 | D:5      | Entered Level 5 of the Dungeon
  4962 | D:5      | Found a blossoming altar of Fedhas.
  4963 | D:5      | Noticed a yak
  4963 | D:5      | Noticed a yak
  4991 | D:5      | Killed a yak
  4992 | D:5      | Reached skill level 8 in Earth Magic
  4992 | D:5      | Reached XP level 8. HP: 25/41 MP: 3/19
  5429 | D:5      | Reached skill level 9 in Earth Magic
  5593 | D:5      | Found a glowing golden altar of the Shining One.
  5643 | D:5      | Noticed Menkaure
  5644 | D:5      | Killed Menkaure
  5645 | D:5      | Reached skill level 10 in Earth Magic
  5717 | D:5      | Found a stormy altar of Qazlal.
  5822 | D:5      | Found a sacrificial altar of Ru.
  5929 | D:5      | Reached XP level 9. HP: 45/45 MP: 15/20
  6592 | D:5      | Reached skill level 11 in Earth Magic
  7031 | D:6      | Found a staircase to the Ecumenical Temple.
  7038 | Temple   | Entered the Ecumenical Temple
  7226 | Temple   | Became a worshipper of Sif Muna the Loreminder
  8044 | D:6      | Learned a level 2 spell: Poisonous Vapours
  8451 | D:7      | Reached * piety under Sif Muna
  8452 | D:7      | Reached skill level 1 in Poison Magic
  8906 | D:7      | Mangled by a hornet

Illustrated notes

Levels and vault maps discovered:
D:1:      dpeg_arrival_tiny_k, layout_loops_ring
D:2:      layout_loops_ring, minmay_pentomino_r2, uniq_crazy_yiuf_cottage,
          uniq_sigmund, uniq_robin
D:3:      kennysheep_slugbush, layout_loops_ring, lemuel_round_altar,
          jmf_multi_god_temple2, ebering_ecumenical_altar_abandoned,
          uniq_natasha
D:4:      layout_basic, trog_wizard, uniq_ijyb, uniq_grinder
D:5:      minmay_bubble_buster, layout_loops_corners, fedhas_altar_2,
          mainiacjoe_overflow_boulevard, nicolae_ru_the_path_less_chosen,
          lemuel_doored_altar, uniq_menkaure
D:6:      layout_loops_corners, minmay_temple_entry_arrows
D:7:      layout_layer_cave, serial_shops, shop, kennysheep_generic_room_12
Temple:   minmay_temple_bridge_abc

Skill      XL: |  1  2  3  4  5  6  7  8  9 |
---------------+----------------------------+-----
Conjurations   | 1 2 3 4 |  4.0
Transmutations | 2 3 4 |  4.0
Earth Magic    | 4 5 8 10 11 | 11.9
Spellcasting   | 4 5 6 |  6.0
Invocations    | 4 |  4.0
Poison Magic   | 2 |  2.6
Dodging        | |  2.4
Stealth        | |  2.4

Action                   |  1- 3 |  4- 6 |  7- 9 || total
-------------------------+-------+-------+-------++-------
Melee: Unarmed           |     2 |     2 |       ||     4
       Staff             |       |       |     1 ||     1
 Cast: Sandblast         |    38 |    71 |    60 ||   169
       Stone Arrow       |       |       |    79 ||    79
  Use: Scroll            |       |    12 |     3 ||    15
 Stab: Sleeping          |       |       |     1 ||     1
Armor: Robe              |     5 |     3 |     9 ||    17
Dodge: Dodged            |    10 |    14 |    29 ||    53
